Map: Pillars of Gold LE

Players

Zaechus - Winner!

  • Race: Terran Terran
  • League: Diamond
  • Spawn Location: 7:00

paul

  • Race: Terran Terran
  • League: Diamond
  • Spawn Location: 1:00

VOD

Have the link to the VOD?

Description

Time

  • Played on: July 16, 2020, 1:02 p.m.
  • Length: 5:30
Show
View Real Time Build Order
Export as new Build Order

Zaechus Terran - Winner!

Build Orders: 1/1/1 

Get SALT Encoding   

  12  0:00  SCV  
  13  0:12  SCV  
  14  0:18  Supply Depot  
  14  0:24  SCV  
  15  0:30  Refinery  
  15  0:39  SCV  
  16  0:47  Barracks  
  16  0:51  SCV  
  17  1:00  Refinery  
  17  1:04  SCV  
  18  1:16  SCV  
  19  1:28  SCV  
  20  1:37  Factory  
  21  1:41  Orbital Command  
  20  1:47  Marine  
  21  1:56  Supply Depot  
  21  2:05  Marine  
  21  2:06  SCV  
  23  2:18  SCV  
  23  2:22  Factory Tech Lab  
  24  2:23  Starport  
  24  2:30  Supply Depot  
  24  2:40  Marine  
  24  2:44  Siege Tank  
  28  2:54  Supply Depot  
  28  2:57  Marine  
  29  2:59  Medivac  
  31  3:15  Marine  
  31  3:16  Siege Tank  
  35  3:29  Medivac  
  35  3:30  Supply Depot  
  35  3:33  Marine  
  38  3:48  Siege Tank  
  41  3:51  Marine  
  42  4:09  Marine  
  43  4:26  Marine  
  44  4:40  Medivac  
Show
View Real Time Build Order
Export as new Build Order

paul Terran 

Build Orders: Hellion Opening 

Get SALT Encoding   

  12  0:01  SCV  
  13  0:13  SCV  
  14  0:19  Supply Depot  
  14  0:25  SCV  
  15  0:30  Refinery  
  15  0:40  SCV  
  16  0:48  Barracks  
  16  0:53  SCV  
  17  1:05  SCV  
  18  1:17  SCV  
  19  1:29  SCV  
  20  1:35  Supply Depot  
  20  1:38  Marine  
  20  1:39  Factory  
  22  1:48  Orbital Command  
  21  2:02  Barracks Reactor  
  21  2:23  Command Center  
  21  2:36  Refinery  
  21  2:43  SCV  
  22  2:45  Hellion x2  
  26  2:53  Starport  
  26  2:55  Barracks Tech Lab  
  26  3:00  SCV  
  27  3:09  Hellion  
  27  3:10  Hellion  
  31  3:22  Supply Depot  
  31  3:35  SCV  
  31  3:37  Hellion x2  
  31  3:38  SCV  
  37  3:44  Supply Depot  
  37  3:47  SCV  
  38  3:49  Raven  
  38  3:54  SCV  
  41  4:11  SCV  
  41  4:15  Factory Tech Lab  
  42  4:21  Marine  
  42  4:23  SCV  
  39  5:00  Orbital Command  
Tags
 
Add a new tag
Caveats
  • Supply blocks, unpowered buildings, or Contaminate may cause inaccurate times.
  • Supply counts are checked every 10 seconds.